 Dungeon Crawl Stone Soup version 0.17.2-1-ge4368a0 (webtiles) character file.

154 magipi the Chopper (level 5, -4/32 HPs)
             Began as a Gargoyle Berserker on Aug 7, 2016.
             Was a Believer of Trog.
             Killed from afar by an orc wizard (6 damage)
             ... with a puff of frost
             ... on level 3 of the Dungeon.
             The game lasted 00:06:23 (1163 turns).

magipi the Chopper (Gargoyle Berserker)             Turns: 1163, Time: 00:06:23

Health: -4/32      AC: 11    Str: 20    XL:     5   Next: 36%
Magic:  5/5        EV: 10    Int:  8    God:    Trog [**....]
Gold:   115        SH:  0    Dex: 10    Spells: 0 memorised, 4 levels left

rFire  . . .     SeeInvis .     a - +0 hand axe
rCold  . . .     Clarity  .     j - +0 scale mail
rNeg   + . .     SustAt   .     (no shield)
rPois  ∞         Gourm    .     (no helmet)
rElec  +         Spirit   .     (no cloak)
rCorr  .         Warding  .     (no gloves)
rMut   .         Stasis   .     k - +0 pair of boots
MR     .....                    (no amulet)
Stlth  ..........               (no ring)
                                (no ring)

@: not resistant to hostile enchantments, extremely unstealthy
A: negative energy resistance 1, electricity resistance, unbreathing,
petrification resistance, rot immunity, AC +4
a: Berserk, Trog's Hand, Burn Spellbooks, Renounce Religion


You were on level 3 of the Dungeon.
You worshipped Trog.
Trog was pleased with you.
You were hungry.

You visited 1 branch of the dungeon, and saw 3 of its levels.

You collected 115 gold pieces.

Inventory:

Hand Weapons
 a - a +0 hand axe (weapon)
Missiles
 e - 12 poisoned needles
Armour
 j - a +0 scale mail (worn)
 k - a +0 pair of boots (worn)
Scrolls
 b - a scroll of recharging {unknown}
 f - a scroll of enchant weapon {unknown}
 g - 2 scrolls of identify {unknown}
 h - 2 scrolls of teleportation {unknown}
 l - 2 scrolls of fear {unknown}
 m - a scroll of magic mapping {unknown}
 p - a scroll of random uselessness {unknown}
Potions
 d - a potion of heal wounds {unknown}
 i - a potion of flight {unknown}
 o - a potion of curing {unknown}
Comestibles
 c - 3 bread rations
 n - a slice of pizza


   Skills:
 - Level 3.2 Fighting
 + Level 5.3 Axes
 - Level 2.1 Armour
 - Level 1.5 Dodging


You had 4 spell levels left.
You didn't know any spells.

Dungeon Overview and Level Annotations

Branches:
Dungeon (3/15)

Altars:
The Shining One


Innate Abilities, Weirdness & Mutations

You are resistant to torment.
Your stone body is resilient (AC +4).
You are immune to poison.
You resist negative energy.
You are resistant to electric shocks.
You can survive without breathing.
You are immune to petrification.
You are immune to rotting.


Message History

The orc barely misses you.
An orc comes into view. It is wielding a club.
The orc wizard mumbles some strange words.
The orc wizard flickers and vanishes!
Deactivating autopickup; reactivate with Ctrl-A.
The hound skeleton bites you but does no damage.
A hound comes into view.
The hound barks!
The hound moves out of view.
There is a stone staircase leading down here.
The orc wizard shouts!
The hound skeleton bites you but does no damage.
The hound skeleton bites you but does no damage.
Found 13 arrows.
Items here: ))) [[ † The hound skeleton closely misses you.
Things that are here:
a hand axe; a bat corpse You see here a poisoned needle.
You hit the hound skeleton.
The hound skeleton bites you but does no damage.
You hit the hound skeleton. The hound skeleton barely misses you.
You closely miss the hound skeleton.
The hound skeleton bites you but does no damage.
The hound skeleton barely misses you.
You barely miss the hound skeleton.
The hound skeleton bites you but does no damage.
You slash the hound skeleton!
The hound skeleton bites you but does no damage.
You hit the hound skeleton.
You destroy the hound skeleton!
Your Axes skill increases to level 5!
You have reached level 5!
The orc wizard points at you and mumbles some strange words.
The puff of frost hits you!
Things that are here:
a hand axe; a bat corpse You hit the orc wizard but do no damage.
The orc wizard closely misses you.
You closely miss the orc wizard.
The orc wizard hits you but does no damage.
You slash the orc wizard!
The orc wizard is heavily wounded.
The orc wizard barely misses you.
The orc wizard hits you but does no damage.
You hit the orc wizard.
The orc wizard is severely wounded.
The orc wizard hits you with a dagger.
Your scale mail prevents you from hitting the orc wizard.
The orc wizard is severely wounded.
The orc wizard hits you but does no damage.
You closely miss the orc wizard.
The orc wizard is severely wounded.
The orc wizard closely misses you.
You hit the orc wizard.
The orc wizard is almost dead.
The orc wizard misses you.
You miss the orc wizard.
The orc wizard is almost dead.
The orc wizard barely misses you.
You closely miss the orc wizard.
The orc wizard is almost dead.
The orc wizard gestures at you while chanting.
The puff of frost misses you.
Your scale mail prevents you from hitting the orc wizard.
The orc wizard is almost dead.
The orc wizard hits you but does no damage.
You hit the orc wizard but do no damage.
The orc wizard is almost dead.
The orc wizard mumbles some strange words.
The orc wizard seems to speed up.
You slash the orc wizard!
You kill the orc wizard!
Trog accepts your kill.
Trog appreciates your killing of a magic user.
You hit the orc.
The orc is almost dead.
The orc hits you.
You hit the orc.
You kill the orc!
Trog accepts your kill.
You hear some strange, mumbled words.
A puff of frost appears from out of thin air!
The puff of frost hits you!
* * * LOW HITPOINT WARNING * * *
Drink which item? (? for menu, Esc to quit)
Okay, then.
Firing (i - inventory): No suitable missiles.
Press: ? - help, Shift-Dir - straight line, f - orc
Aim: an orc, wielding a club
Okay, then.
You hit the orc.
The orc is moderately wounded.
You are feeling hungry.
The rat twitches its whiskers.
Unknown command.
You see here a poisoned needle.
A puff of frost appears from out of thin air!
The puff of frost hits you!
You die...

#+# ##.## ### ....#
#.. ....# #.####.#
....# #.....
....####..###########
..†(....>...o))(@..)#
..##.).......###.##.#
#.##.#######...#.#
#....# ### #.#.#%#
###..#######...#.#
.....'..o..o...#.#
####.###.###.#.#..
#....# #.# #.(.###
#.##.###+##


You could see an orc.

Vanquished Creatures
  2 orc wizards (D:3)
  An orc priest (D:3)
  A hound skeleton (D:3)
  An adder (D:2)
  A giant gecko (D:2)
  3 orcs (D:3)
  A giant cockroach (D:1)
  7 goblins
  5 hobgoblins
  4 bats
  A giant newt (D:1)
  4 kobolds
  2 quokkas (D:2)
  6 rats
39 creatures vanquished.

Notes
Turn   | Place    | Note
--------------------------------------------------------------
     0 | D:1      | magipi the Gargoyle Berserker began the quest for the Orb.
     0 | D:1      | Reached XP level 1. HP: 14/14 MP: 1/1
   299 | D:1      | Reached XP level 2. HP: 19/19 MP: 2/2
   643 | D:2      | Reached ** piety under Trog
   701 | D:2      | Reached XP level 3. HP: 19/23 MP: 3/3
   814 | D:2      | Reached skill level 4 in Axes
  1018 | D:3      | Reached XP level 4. HP: 28/28 MP: 4/4
  1110 | D:3      | Found a glowing golden altar of the Shining One.
  1145 | D:3      | Reached skill level 5 in Axes
  1145 | D:3      | Reached XP level 5. HP: 24/32 MP: 5/5
  1163 | D:3      | Killed from afar by an orc wizard

Action                   |  1- 3 |  4- 6 || total
-------------------------+-------+-------++-------
Melee: Hand axe          |    93 |    45 ||   138
Invok: Berserk           |     1 |       ||     1
  Eat: Pizza             |       |     1 ||     1

Action                   |  1- 3 |  4- 6 || total
-------------------------+-------+-------++-------
Melee: Hand axe          |    93 |    45 ||   138
Invok: Berserk           |     1 |       ||     1
  Eat: Pizza             |       |     1 ||     1
